 Dungeon Crawl Stone Soup version 0.22-a0-367-gb72a975 (webtiles) character file.

430 EazyBreezy the Shield-Bearer (level 7, -1/55 HPs)
             Began as a Formicid Fighter on Apr 22, 2018.
             Killed from afar by Sigmund (10 damage)
             ... with a puff of flame
             ... on level 5 of the Dungeon.
             The game lasted 00:08:52 (3620 turns).

EazyBreezy the Shield-Bearer (Formicid Fighter)     Turns: 3620, Time: 00:08:52

Health: -1/55      AC:  8    Str: 21    XL:     7   Next: 19%
Magic:  7/7        EV:  9    Int:  7    God:
Gold:   260        SH:  0    Dex: 12    Spells: 6/6 levels left

rFire    . . .     SeeInvis +   a - +3 long sword
rCold    . . .     Gourm    .   c - +0 shield
rNeg     . . .     Faith    .   b - +0 scale mail
rPois    .         Spirit   .   (helmet unavailable)
rElec    .         Reflect  .   i - +0 cloak
rCorr    .         Harm     .   (no gloves)
MR       .....                  (no boots)
Stlth    ..........             (no amulet)
HPRegen  0.18/turn              (no ring)
MPRegen  0.10/turn              (no ring)

@: confused
A: permanent stasis, dig shafts and tunnels, four strong arms, antennae 3
a: Dig, Shaft Self


You were on level 5 of the Dungeon.
You were not hungry.

You visited 1 branch of the dungeon, and saw 5 of its levels.

You collected 260 gold pieces.

Inventory:

Hand Weapons
 a - a +3 long sword (weapon)
Armour
 b - a +0 scale mail (worn)
 c - a +0 shield (worn)
 i - a +0 cloak (worn)
Scrolls
 d - a scroll of remove curse
Potions
 e - 3 potions of lignification
 g - 2 potions of flight {unknown}
 h - 2 potions of curing
 j - 2 potions of ambrosia
 k - a potion of brilliance {unknown}
 m - 2 potions of degeneration {unknown}
 p - 3 potions of haste
Comestibles
 f - 6 rations


   Skills:
 * Level 4.4 Fighting
 * Level 4.4 Long Blades
 * Level 4.7 Armour
 * Level 1.7 Dodging
 * Level 5.1 Shields


You had 6 spell levels left.
You didn't know any spells.

Dungeon Overview and Level Annotations

Branches:
Dungeon (5/15)
 Temple: D:4-7

Altars:
Ashenzari
Sif Muna
Uskayaw

Annotations:
D:5 Sigmund


Innate Abilities, Weirdness & Mutations

You cannot be hasted, slowed, berserked, paralysed or teleported.
You can dig through walls and to a lower floor.
Your four strong arms can wield two-handed weapons with a shield.
You have a pair of large antennae on your head. (SInv)


Message History

* * * LOW HITPOINT WARNING * * *
Sigmund hits you but does no damage.
You bump into the rock wall.
The centaur hits you but does no damage.
The centaur misses you. Sigmund completely misses you.
The centaur wields an uncursed shortbow.
The centaur shoots an arrow.
The arrow hits you!
* * * LOW HITPOINT WARNING * * *
You see here 4 arrows.
The centaur shoots an arrow.
The arrow hits you!
* * * LOW HITPOINT WARNING * * *
The centaur shoots an arrow.
The arrow hits you.
* * * LOW HITPOINT WARNING * * *
You see here an arrow.
The centaur unwields an uncursed shortbow.
The centaur barely misses you. Sigmund casts a spell at you.
The puff of flame hits you!
You die...

.#.#....>...##.#
..###.##.##.##.## ##
.#.#.###.##.....# .#
.##.## #........### ..#
.#### #.#........# ..#
#. ............# ...###
.
...##..###..(#####......
.
..........(.@...........
. ..#..#...@c...........
...#...................
.. ##.......#####....(.
###.##### ...### #. $.#
#. ..# #. .# ##


You could see Sigmund and a centaur.

Vanquished Creatures
  The ghost of EazyBreezy the Insei, an amateur OpTm (D:3)
  A scorpion (D:4)
  A hound (D:3)
  Crazy Yiuf (D:2)
  Jessica (D:3)
  An iguana (D:4)
  An orc wizard (D:3)
  A worker ant (D:5)
  5 adders
  An ooze (D:1)
  An adder zombie (D:2)
  2 worms (D:3)
  2 dart slugs (D:2)
  4 leopard geckos
  5 orcs (D:3)
  8 bats
  2 giant cockroaches (D:3)
  8 goblins
  11 hobgoblins
  4 jackals (D:1)
  10 kobolds
  A quokka (D:4)
  3 frilled lizards
  12 rats
87 creatures vanquished.

Notes
Turn   | Place    | Note
-------+----------+-------------------------------------------
     0 | D:1      | EazyBreezy the Formicid Fighter began the quest for the Orb.
     0 | D:1      | Reached XP level 1. HP: 18/18 MP: 1/1
    79 | D:1      | Reached XP level 2. HP: 17/24 MP: 2/2
   338 | D:1      | Reached XP level 3. HP: 29/29 MP: 3/3
   382 | D:1      | Reached skill level 4 in Shields
   620 | D:2      | Reached XP level 4. HP: 37/37 MP: 4/4
   936 | D:2      | Found a runed door.
  1310 | D:2      | Noticed Crazy Yiuf
  1319 | D:2      | Killed Crazy Yiuf
  1319 | D:2      | Reached XP level 5. HP: 19/42 MP: 5/5
  1820 | D:3      | Reached skill level 1 in Dodging
  1826 | D:3      | Noticed EazyBreezy's ghost (amateur OpTm)
  1838 | D:3      | Killed EazyBreezy's ghost
  1838 | D:3      | Reached XP level 6. HP: 37/48 MP: 6/6
  1937 | D:3      | Noticed Jessica
  1950 | D:3      | Killed Jessica
  2325 | D:3      | Found a shattered altar of Ashenzari.
  3026 | D:4      | Found a hide-covered altar of Uskayaw.
  3061 | D:4      | Found a deep blue altar of Sif Muna.
  3138 | D:4      | Reached skill level 5 in Shields
  3145 | D:4      | Reached XP level 7. HP: 47/55 MP: 7/7
  3559 | D:5      | Entered Level 5 of the Dungeon
  3595 | D:5      | Noticed Sigmund
  3620 | D:5      | Killed from afar by Sigmund

Vault maps used:
D:1:      lemuel_arrival_muddy, serial_forest, infiniplex_forest_corner_1,
          infiniplex_forest_lined_2, infiniplex_forest_clump_long,
          infiniplex_forest_pool, infiniplex_forest_clump_small,
          infiniplex_forest_straight_2, infiniplex_forest_straight_2,
          infiniplex_forest_clump_tiny
D:2:      first_ration, uniq_crazy_yiuf_cottage
D:3:      nicolae_ashenzari_panopticon, hex_intersection, minmay_misc_feat_iff,
          uniq_jessica
D:4:      old_standard_altar, kennysheep_another_room, lemuel_blue_sif_altar
D:5:      minmay_temple_entry_nine_rooms, uniq_eustachio, uniq_sigmund

Skill      XL: |  1  2  3  4  5  6 |
---------------+-------------------+-----
Shields        | 4 5 |  5.1
Armour         | 4 |  4.7
Long Blades    | 3 4 |  4.4
Fighting       | 4 |  4.4
Dodging        | 1 |  1.7

Action                   |  1- 3 |  4- 6 |  7- 9 || total
-------------------------+-------+-------+-------++-------
Melee: Long sword        |    78 |   188 |     9 ||   275
  Use: Scroll            |       |    11 |     3 ||    14
       Potion            |       |     1 |     2 ||     3
  Eat: Ration            |       |     3 |       ||     3
Armor: Scale mail        |    35 |    93 |     5 ||   133
Dodge: Dodged            |    43 |    74 |     6 ||   123
Block: Shield            |    40 |   127 |     9 ||   176
       Rpst.: Long sword |    11 |    25 |       ||    36

Table legend:
 A = Spawn XP
 B = Non-spawn XP
 C = Spawn XP percentage of total XP
 D = Spawn monster count
 E = Non-spawn monster count
 F = Spawn count percentage of total count
 G = Total turns spent on level
                    A         B        C        D         E        F      G
               +---------+---------+-------+---------+---------+-------+---------
         Total |       0 |     615 |   0.0 |       0 |      87 |   0.0 |  3620
               +---------+---------+-------+---------+---------+-------+---------
           D:1 |       0 |      45 |   0.0 |       0 |      21 |   0.0 |   549
           D:2 |       0 |     110 |   0.0 |       0 |      25 |   0.0 |  1156
           D:3 |       0 |     322 |   0.0 |       0 |      37 |   0.0 |  1112
           D:4 |       0 |     104 |   0.0 |       0 |       3 |   0.0 |   742
           D:5 |       0 |      34 |   0.0 |       0 |       1 |   0.0 |    61
               +---------+---------+-------+---------+---------+-------+---------
